[Event "Titled Tuesday Blitz February 28 Late 2023"]
[White "Pulpan, Jakub"]
[Black "Fedoseev, Vladimir"]
[WhiteFideId "302759"]
[BlackFideId "24130737"]
[WhiteElo "2484"]
[BlackElo "2752"]
[Result "1/2-1/2"]
[Round "05"]
[TimeControl "180+2"]
[Date "2023.02.28"]
[WhiteClock "0:00:18"]
[BlackClock "0:00:05"]

1. Nf3 Nf6 2. b3 g6 3. Bb2 Bg7 4. g3 O-O 5. Bg2 c5 6. c4 Nc6 7. O-O d5 8. cxd5 Qxd5 9. Ne5 Qd6 10. Nxc6 bxc6 11. Na3 Be6 12. Rc1 Bd5 13. Nc4 Qe6 14. Ne3 Bxg2 15. Nxg2 Nd7 16. Bxg7 Kxg7 17. d4 Rfd8 18. Nf4 Qf6 19. dxc5 e5 20. Ng2 Nxc5 21. Qc2 Ne6 22. Qxc6 Rac8 23. Qa6 Nd4 24. Qxf6+ Kxf6 25. Rxc8 Rxc8 26. Ne3 Nxe2+ 27. Kg2 Ke6 28. Re1 Nc3 29. Nc4 f6 30. f4 Rc5 31. fxe5 fxe5 32. Kf3 a5 33. Ke3 Rb5 34. Kd2 Nxa2 35. Ra1 Nb4 36. Rxa5 Rxa5 37. Nxa5 Kd5 38. Nc4 Kd4 39. Ne3 e4 40. h4 h5 41. g4 Ke5 42. gxh5 gxh5 43. Kc3 Nc6 44. b4 Na7 45. Kc4 Kf4 46. Nd5+ Kf3 47. Kd4 Nb5+ 48. Kc5 Na3 49. b5 Nxb5 50. Kxb5 Kg4 51. Kc4 Kxh4 52. Kd4 Kg3 53. Kxe4 h4 54. Nf4 h3 55. Nxh3 1/2-1/2


[Site "https://www.chess.com"]

[Event "Titled Tuesday Blitz February 28 Late 2023"]
[White "Matlakov, Maxim"]
[Black "Bilych, Olexiy"]
[WhiteFideId "4168003"]
[BlackFideId "14156504"]
[WhiteElo "2666"]
[BlackElo "2320"]
[Result "1-0"]
[Round "05"]
[TimeControl "180+2"]
[Date "2023.02.28"]
[WhiteClock "0:00:24"]
[BlackClock "0:00:02"]

1. e4 c5 2. Nf3 d6 3. Bb5+ Bd7 4. Bxd7+ Qxd7 5. c4 Nc6 6. Nc3 Nf6 7. O-O e6 8. d4 cxd4 9. Nxd4 Be7 10. b3 O-O 11. Bb2 a6 12. a4 Qc7 13. Nf3 Nd7 14. Rb1 Nde5 15. Ba1 Rfd8 16. Nd2 Bf6 17. h3 Rac8 18. Kh1 g6 19. f4 Nd3 20. Nd5 exd5 21. Bxf6 Re8 22. exd5 Ne7 23. Qf3 Nc5 24. Ba1 Rf8 25. Rbe1 Rce8 26. b4 Nxa4 27. Ne4 f5 28. Nf6+ Kf7 29. Nxe8 Rxe8 30. Re6 Qxc4 31. Rfe1 Nb6 32. Rf6+ Kg8 33. Rxd6 Qxb4 34. Rde6 Nbxd5 35. Qe2 Kf7 36. Qe5 Rg8 37. Bd4 a5 38. Rd6 Qc4 39. Qe6+ Ke8 40. Qxg8# 1-0


[Site "https://www.chess.com"]

[Event "Titled Tuesday Blitz February 28 Late 2023"]
[White "Pranav, V"]
[Black "Nasuta, Grzegorz"]
[WhiteFideId "25060783"]
[BlackFideId "1141686"]
[WhiteElo "2500"]
[BlackElo "2449"]
[Result "1-0"]
[Round "05"]
[TimeControl "180+2"]
[Date "2023.02.28"]
[WhiteClock "0:00:24"]
[BlackClock "0:00:05"]

1. Nf3 d5 2. g3 Nf6 3. Bg2 c6 4. O-O Bg4 5. d3 Nbd7 6. Nbd2 e6 7. e4 Be7 8. h3 Bh5 9. Qe2 O-O 10. Re1 h6 11. Nf1 Rc8 12. g4 Bg6 13. Ng3 b5 14. g5 hxg5 15. Bxg5 Nh5 16. h4 Nxg3 17. fxg3 Bh5 18. Bxe7 Qxe7 19. Qf2 Qc5 20. Qxc5 Nxc5 21. Nd4 a6 22. Kf2 Rfd8 23. Ke3 Bg4 24. Nb3 Na4 25. Rab1 c5 26. Nd2 Rc7 27. Kf4 Bh5 28. g4 Bg6 29. h5 Bh7 30. exd5 exd5 31. Re5 Nb6 32. Rbe1 Kf8 33. g5 Bg8 34. R5e2 f6 35. g6 Nc8 36. Nf3 Re7 37. Bh3 Rxe2 38. Rxe2 Nd6 39. Nh4 Re8 40. Rxe8+ Kxe8 41. Ng2 d4 42. b3 b4 43. Nh4 a5 44. Bg2 Kf8 45. Bc6 Be6 46. Nf3 Ke7 47. Nd2 Nf5 48. Ne4 Ne3 49. Nxc5 Bg8 50. Nb7 Nxc2 51. Nxa5 Kd6 52. Be4 Na3 53. Nb7+ Ke7 54. Na5 Kd6 55. Nc6 Nc2 56. Bh1 Be6 57. Nd8 Bc8 58. h6 1-0


[Site "https://www.chess.com"]

[Event "Titled Tuesday Blitz February 28 Late 2023"]
[White "Bashirli, Nail"]
[Black "Kramnik, Vladimir"]
[WhiteFideId "13406809"]
[BlackFideId "4101588"]
[WhiteElo "2336"]
[BlackElo "2712"]
[Result "0-1"]
[Round "05"]
[TimeControl "180+2"]
[Date "2023.02.28"]
[WhiteClock "0:00:04"]
[BlackClock "0:00:19"]

1. e4 c5 2. Nc3 e6 3. g3 Nc6 4. Bg2 g6 5. Nge2 Bg7 6. d3 Nge7 7. Be3 Nd4 8. Qd2 d6 9. h4 h6 10. O-O Nec6 11. Rab1 Qe7 12. a3 g5 13. h5 g4 14. Bxd4 cxd4 15. Na2 Qg5 16. Qd1 Qxh5 17. c3 O-O 18. Nb4 Nxb4 19. axb4 dxc3 20. bxc3 Qg5 21. d4 Bd7 22. Qc1 Rac8 23. c4 Qxc1 24. Rfxc1 e5 25. d5 f5 26. c5 Bb5 27. Nc3 Bd3 28. Ra1 dxc5 29. bxc5 Rxc5 30. exf5 Rfc8 31. d6 Rxc3 32. Rxc3 Rxc3 33. Rxa7 e4 34. Ra8+ Kf7 35. d7 Bf6 36. d8=Q Bxd8 37. Rxd8 b5 38. Rb8 Kf6 39. Rb6+ Kxf5 40. Rxh6 b4 41. Rb6 b3 42. Kh2 Ke5 43. Rb8 Kd4 44. Rb7 Kc4 45. Rb8 Rc2 46. Kg1 b2 47. Kh2 Kc3 48. Rb7 Rc1 0-1


[Site "https://www.chess.com"]

[Event "Titled Tuesday Blitz February 28 Late 2023"]
[White "Yoo, Christopher Woojin"]
[Black "Golubka, Petro"]
[WhiteFideId "30909694"]
[BlackFideId "14114224"]
[WhiteElo "2519"]
[BlackElo "2404"]
[Result "0-1"]
[Round "05"]
[TimeControl "180+2"]
[Date "2023.02.28"]
[WhiteClock "0:00:06"]
[BlackClock "0:00:13"]

1. e4 g6 2. d4 Bg7 3. Nf3 d6 4. Bc4 Nf6 5. Qe2 O-O 6. e5 dxe5 7. dxe5 Nd5 8. O-O c6 9. Rd1 Bg4 10. h3 Bxf3 11. Qxf3 Bxe5 12. Bxd5 cxd5 13. Rxd5 Qc7 14. Nc3 Bxc3 15. bxc3 Nc6 16. Bf4 Qc8 17. Rad1 Qe6 18. Rd7 Rad8 19. Rxb7 Rxd1+ 20. Qxd1 Qxa2 21. Rc7 Qe6 22. Bh6 Rc8 23. Rxc8+ Qxc8 24. Qd5 a5 25. Qb5 Qc7 26. h4 Qc8 27. g3 Qa8 28. Qa4 Qb7 29. Kh2 Qa8 30. f4 e5 31. h5 exf4 32. Qxf4 Qd8 33. Qe4 Qc8 34. g4 Qc7+ 35. Kg2 Qc8 36. Bg5 Qe6 37. Qa4 Qd5+ 38. Kg3 Qxg5 39. Qxc6 gxh5 40. Qc8+ Kg7 41. c4 Qxg4+ 42. Qxg4+ hxg4 43. c5 Kf6 44. c6 Ke7 45. Kxg4 Kd6 46. Kf5 Kxc6 47. Ke4 h5 48. Kd4 h4 0-1


[Site "https://www.chess.com"]

[Event "Titled Tuesday Blitz February 28 Late 2023"]
[White "Bortnyk, Mykola"]
[Black "Costachi, Mihnea"]
[WhiteFideId "14120836"]
[BlackFideId "1217518"]
[WhiteElo "2582"]
[BlackElo "2456"]
[Result "1-0"]
[Round "05"]
[TimeControl "180+2"]
[Date "2023.02.28"]
[WhiteClock "0:01:14"]
[BlackClock "0:00:34"]

1. e4 e5 2. Nf3 Nc6 3. Bb5 a6 4. Ba4 d6 5. Bxc6+ bxc6 6. d4 exd4 7. Nxd4 c5 8. Nb3 Nf6 9. e5 dxe5 10. Qxd8+ Kxd8 11. Bg5 Bd6 12. N1d2 Bb7 13. f3 Ke7 14. Na5 Rab8 15. Nxb7 Rxb7 16. O-O-O h6 17. Bh4 g5 18. Bf2 Rhb8 19. b3 Nd7 20. h4 Nb6 21. hxg5 hxg5 22. c4 a5 23. Be3 f6 24. Rh7+ Ke6 25. Ne4 Nd7 26. Rdh1 Nf8 27. Nxg5+ fxg5 28. R1h6+ Ng6 29. Rxg6+ Kf5 30. Rhh6 e4 31. Rxg5# 1-0


[Site "https://www.chess.com"]

[Event "Titled Tuesday Blitz February 28 Late 2023"]
[White "EREBUNI91"]
[Black "Makarian, Rudik"]
[BlackFideId "44105681"]
[WhiteElo "2718"]
[BlackElo "2419"]
[Result "1/2-1/2"]
[Round "05"]
[TimeControl "180+2"]
[Date "2023.02.28"]
[WhiteClock "0:00:16"]
[BlackClock "0:00:18"]

1. e4 d6 2. d4 Nf6 3. Nc3 e5 4. Nf3 Nbd7 5. Bc4 Be7 6. O-O O-O 7. a4 c6 8. Qe2 exd4 9. Nxd4 Ne5 10. Bb3 Ng6 11. Rd1 Re8 12. Be3 Qc7 13. h3 Bd7 14. Nf5 Bxf5 15. exf5 Nf8 16. Bf4 h6 17. Qc4 Kh8 18. Qxf7 N8h7 19. Re1 Qd7 20. Re6 Bf8 21. Qxd7 Nxd7 22. Bxd6 Nc5 23. Bxc5 Bxc5 24. Rd1 Nf6 25. Kf1 Red8 26. Rxd8+ Rxd8 27. Ke2 h5 28. Ne4 Bd4 29. c3 Nxe4 30. Rxe4 Bf6 31. Bf7 h4 32. g3 hxg3 33. fxg3 Kh7 34. g4 Kh6 35. Bc4 Kg5 36. Bd3 Kh4 37. Re3 Bg5 38. Rf3 Re8+ 39. Kf2 Re5 40. b3 Rc5 41. Bc4 b5 42. axb5 cxb5 43. Be6 a5 44. c4 b4 45. Bd7 Re5 46. Ba4 Re4 47. c5 Rd4 48. c6 Rd2+ 49. Ke1 Rc2 50. Rd3 Rc1+ 51. Ke2 Rc2+ 52. Kf1 Rc1+ 53. Kg2 Rc2+ 54. Kf3 Kxh3 55. Rd4 Rc3+ 56. Ke4 Kxg4 57. Kd5+ Kxf5 58. Rc4 Rxc4 59. Kxc4 Bf4 60. Kd3 Bc7 61. Ke3 g5 62. Kf3 g4+ 63. Kg2 Ke4 64. Bb5 Ke3 65. Ba4 Kd4 66. Bb5 Kc5 67. Ba4 Kd4 68. Kf2 Ke4 69. Kg2 Ke3 70. Bb5 Kd2 71. Ba4 Ke3 72. Bb5 Kf4 73. Ba4 Bb6 74. Bb5 Bd8 75. Ba4 Bc7 76. Bb5 g3 77. Ba4 Kg4 78. Bb5 Kf4 79. Ba4 Ke3 80. Bb5 Kd2 81. Ba4 Kc2 82. Kh3 Kc3 83. Kg2 Kd4 84. Kh3 Kd3 85. Kg2 Kc3 86. Kh3 Kd4 87. Kg2 Kd3 88. Bb5+ Kc2 89. Ba4 Kb2 90. Kh3 Kc3 91. Kg2 Kd4 92. Kh3 Kc3 1/2-1/2


[Site "https://www.chess.com"]

[Event "Titled Tuesday Blitz February 28 Late 2023"]
[White "Durarbayli, Vasif"]
[Black "Mirzoev, Azer"]
[WhiteFideId "13402935"]
[BlackFideId "13400304"]
[WhiteElo "2543"]
[BlackElo "2525"]
[Result "1/2-1/2"]
[Round "05"]
[TimeControl "180+2"]
[Date "2023.02.28"]
[WhiteClock "0:00:05"]
[BlackClock "0:00:07"]

1. e4 e6 2. d4 d5 3. e5 c5 4. c3 Qb6 5. Nf3 Bd7 6. Bd3 Bb5 7. dxc5 Bxc5 8. b4 Bf8 9. Be3 Qa6 10. Bxb5+ Qxb5 11. a4 Qd7 12. O-O Ne7 13. Bc5 Nbc6 14. Na3 a6 15. b5 Nd8 16. c4 Ng6 17. Bxf8 Nxf8 18. Qb3 Ng6 19. cxd5 exd5 20. Rad1 Nf4 21. g3 Qg4 22. Kh1 Nfe6 23. Rxd5 O-O 24. Nc2 axb5 25. axb5 h6 26. Rfd1 Qe4 27. Kg1 b6 28. Nce1 Nc5 29. Qb1 Qxb1 30. Rxb1 Nde6 31. Rd6 Rfb8 32. Nc2 Ne4 33. Rc6 Ra2 34. Rb4 N6c5 35. Nfd4 Nd3 36. Rbc4 Ndxf2 37. Kg2 Nd3 38. Rc8+ Rxc8 39. Rxc8+ Kh7 40. Kf3 Nec5 41. Re8 Rb2 42. h4 h5 43. g4 hxg4+ 44. Kxg4 Rb1 45. Nf3 Ne6 46. Re7 Kg8 47. Re8+ Kh7 48. Re7 Kg8 49. h5 Rxb5 50. Re8+ Kh7 51. Ncd4 Nxe5+ 52. Nxe5 Rxe5 53. Nf3 Rc5 54. Re7 Rc4+ 55. Kf5 Nd4+ 56. Nxd4 Rxd4 57. Rxf7 b5 58. Rb7 b4 59. Kg5 Rd5+ 60. Kg4 Rd4+ 61. Kg5 Rd5+ 62. Kg4 Rd4+ 63. Kg5 1/2-1/2


[Site "https://www.chess.com"]

[Event "Titled Tuesday Blitz February 28 Late 2023"]
[White "Keymer, Vincent"]
[Black "Wieczorek, Oskar"]
[WhiteFideId "12940690"]
[BlackFideId "1133950"]
[WhiteElo "2651"]
[BlackElo "2418"]
[Result "1-0"]
[Round "05"]
[TimeControl "180+2"]
[Date "2023.02.28"]
[WhiteClock "0:00:29"]
[BlackClock "0:00:02"]

1. a3 a6 2. d4 Nf6 3. Nf3 g6 4. b4 Bg7 5. Bb2 O-O 6. c4 b5 7. e3 bxc4 8. Bxc4 c6 9. Nc3 d6 10. O-O Nbd7 11. h3 Bb7 12. Qe2 Nb6 13. Bd3 a5 14. e4 axb4 15. axb4 Qc7 16. Rac1 Qd8 17. Rfd1 Na4 18. Nxa4 Rxa4 19. b5 cxb5 20. Bxb5 Ra8 21. Bd3 d5 22. e5 Ne4 23. Bc3 Bh6 24. Bd2 Nxd2 25. Nxd2 e6 26. Rb1 Bc6 27. Rdc1 Ra2 28. Rc2 Rxc2 29. Bxc2 Qa5 30. Nf3 Qc3 31. Rb3 Qc4 32. Qd1 Ra8 33. Bd3 Qa4 34. Bc2 Qa1 35. Rb1 Qc3 36. Nh2 Ra2 37. Ng4 Qxc2 38. Qxc2 Rxc2 39. Nxh6+ Kg7 40. Ng4 Rc4 41. Rd1 Ba4 42. Rd2 h5 43. Nf6 Bc2 44. h4 Bf5 45. f3 Rc1+ 46. Kf2 g5 47. hxg5 Kg6 48. f4 h4 49. Rb2 Rc2+ 50. Rxc2 Bxc2 51. g4 hxg3+ 52. Kxg3 Kf5 53. Kf3 Bd1+ 54. Ke3 Ba4 55. Ng8 Kg4 56. Nh6+ 1-0


[Site "https://www.chess.com"]

[Event "Titled Tuesday Blitz February 28 Late 2023"]
[White "Preotu, Razvan"]
[Black "Svane, Frederik"]
[WhiteFideId "2613280"]
[BlackFideId "12923044"]
[WhiteElo "2407"]
[BlackElo "2502"]
[Result "1-0"]
[Round "05"]
[TimeControl "180+2"]
[Date "2023.02.28"]
[WhiteClock "0:00:12"]
[BlackClock "0:00:31"]

1. e4 c5 2. Nf3 d6 3. d4 cxd4 4. Nxd4 Nf6 5. Nc3 Nc6 6. Bg5 e6 7. Qd2 a6 8. O-O-O Bd7 9. f3 Be7 10. Kb1 Nxd4 11. Qxd4 Qc7 12. g4 h5 13. gxh5 Nxh5 14. Bxe7 Kxe7 15. Qd2 g6 16. f4 Rad8 17. f5 Qc5 18. Be2 Nf6 19. fxg6 fxg6 20. Rhg1 Be8 21. Rg5 Qf2 22. e5 Nd5 23. Nxd5+ exd5 24. exd6+ Rxd6 25. Re5+ Kf6 26. Rxe8 Rxe8 27. Rf1 Qxf1+ 28. Bxf1 Rde6 29. Qf2+ Kg7 30. b3 Rf6 31. Qd4 Re4 32. Qc3 d4 33. Qc7+ Rf7 34. Qc8 Rxf1+ 35. Kb2 Rf7 36. Qc5 Rh4 37. Qe5+ Kh7 38. a4 Kh6 39. a5 g5 40. Qe6+ Kg7 41. Qe5+ Kg6 42. Ka3 Kh5 43. Qh8+ Kg4 44. Qe8 Rf2 45. Qd7+ Kf3 46. Qxb7+ Ke3 47. Qxa6 Rxc2 48. Qe6+ Re4 49. Qh3+ Kf4 50. Qg3+ Kf5 51. a6 Ree2 52. Kb4 Ra2 53. Qf3+ Ke5 54. a7 d3 55. a8=Q Rxa8 56. Qxa8 Kd4 57. Qd8+ Ke3 58. Qxg5+ Kf2 59. Kc3 Re3 60. Kd2 Rf3 61. Qh4+ Kg2 62. Qd4 Kxh2 63. Qh4+ Kg2 64. Qg4+ Kf2 65. b4 Re3 66. Qf4+ Rf3 67. Qxf3+ Kxf3 68. b5 Kf4 69. b6 Ke4 70. b7 Kd5 71. b8=Q Ke4 72. Qb3 Ke5 73. Qxd3 Kf4 74. Qe2 Kg5 75. Qe4 Kf6 76. Qd5 Kg6 77. Ke3 Kg7 78. Kf4 Kh6 79. Qg5+ Kh7 80. Kf5 Kh8 81. Kf6 Kh7 82. Qg7# 1-0


[Site "https://www.chess.com"]

[Event "Titled Tuesday Blitz February 28 Late 2023"]
[White "Rasulov, Vugar"]
[Black "Jaracz, Pawel"]
[WhiteFideId "13402390"]
[BlackFideId "1102222"]
[WhiteElo "2509"]
[BlackElo "2438"]
[Result "1-0"]
[Round "05"]
[TimeControl "180+2"]
[Date "2023.02.28"]
[WhiteClock "0:00:06"]
[BlackClock "0:00:03"]

1. Nf3 d5 2. c4 c6 3. e3 Nf6 4. Nc3 e6 5. d4 a6 6. Bd3 dxc4 7. Bxc4 b5 8. Bd3 c5 9. O-O Bb7 10. Qe2 Nbd7 11. Rd1 Qb8 12. b3 Bd6 13. Bb2 cxd4 14. exd4 O-O 15. Rac1 Rc8 16. h3 Nd5 17. Nxd5 Bxd5 18. Ng5 Nf6 19. Ne4 Nxe4 20. Bxe4 Qb7 21. Bxd5 Qxd5 22. Rc2 Rxc2 23. Qxc2 g6 24. Rc1 Bf4 25. Re1 Rd8 26. g3 Bd6 27. Rc1 Be7 28. Qc6 a5 29. Qxd5 Rxd5 30. Rc8+ Kg7 31. Ra8 b4 32. Kg2 Bf6 33. Kf3 Bxd4 34. Bxd4+ Rxd4 35. Rxa5 Rd2 36. Ke3 Rb2 37. Ra4 g5 38. g4 Kf6 39. Ra5 h6 40. Ra8 Ke5 41. Ra5+ Kd6 42. Kf3 Rc2 43. Kg3 Rc3+ 44. f3 Rc2 45. h4 f6 46. h5 Rb2 47. Ra4 Kc5 48. Ra8 f5 49. gxf5 exf5 50. Ra5+ Kd4 51. Rxf5 Rxa2 52. Rf6 Ra3 53. Rxh6 Kc3 54. Rh8 Kxb3 55. h6 Ra6 56. Kg4 Ra1 57. Kxg5 Rg1+ 58. Kf5 Rh1 59. f4 Kc2 60. Rc8+ Kb2 61. Kg6 Rg1+ 62. Kh7 Rf1 63. Rf8 b3 64. f5 Ka2 65. Ra8+ Kb1 66. Kg6 Rg1+ 67. Kf7 Rh1 68. Kg7 Rg1+ 69. Kh8 Rf1 70. Ra5 b2 71. h7 Kc1 72. Rc5+ Kd2 73. Rb5 Kc2 74. Kg7 Rxf5 75. Rxf5 b1=Q 76. h8=Q Qg1+ 77. Kf7 Qa7+ 78. Kg6 Qg1+ 79. Rg5 Qb6+ 80. Qf6 1-0


[Site "https://www.chess.com"]

[Event "Titled Tuesday Blitz February 28 Late 2023"]
[White "Adewumi, Tanitoluwa"]
[Black "Livaic, Leon"]
[WhiteFideId "30966396"]
[BlackFideId "14531534"]
[WhiteElo "2679"]
[BlackElo "2509"]
[Result "0-1"]
[Round "05"]
[TimeControl "180+2"]
[Date "2023.02.28"]
[WhiteClock "0:00:01"]
[BlackClock "0:00:32"]

1. e4 c6 2. d4 d5 3. exd5 cxd5 4. Bd3 Nc6 5. c3 g6 6. Nf3 Nf6 7. h3 Bf5 8. O-O Bxd3 9. Qxd3 e6 10. Bf4 Bd6 11. Bxd6 Qxd6 12. Re1 O-O 13. Nbd2 Rab8 14. Ne5 b5 15. a3 a5 16. Qe3 Kg7 17. Nb3 Nd7 18. Nxc6 Qxc6 19. Nxa5 Qd6 20. Nb3 Rbe8 21. Nd2 f6 22. Qd3 Qc6 23. Rad1 e5 24. dxe5 fxe5 25. Nf3 e4 26. Qxd5 Qxd5 27. Rxd5 Nf6 28. Rxb5 exf3 29. Rxe8 Rxe8 30. gxf3 Nh5 31. a4 Re1+ 32. Kh2 Re2 33. Kg2 Nf4+ 34. Kg3 Nd3 35. b4 Rc2 36. a5 Ra2 37. Rb6 g5 38. f4 gxf4+ 39. Kh4 Rxf2 40. a6 Ra2 41. b5 f3 42. Rb7+ Kg6 43. Rb6+ Kf5 44. Rb8 f2 45. Rf8+ Ke4 46. Kg3 Ra1 47. Kg2 Rg1+ 48. Kh2 Nf4 49. Rxf4+ Kxf4 0-1


[Site "https://www.chess.com"]

[Event "Titled Tuesday Blitz February 28 Late 2023"]
[White "Matinian, Nikita"]
[Black "Madaminov, Mukhiddin"]
[WhiteFideId "24129100"]
[BlackFideId "14210703"]
[WhiteElo "2422"]
[BlackElo "2511"]
[Result "0-1"]
[Round "05"]
[TimeControl "180+2"]
[Date "2023.02.28"]
[WhiteClock "0:00:01"]
[BlackClock "0:00:43"]

1. e4 e5 2. Nf3 Nc6 3. Bb5 a6 4. Ba4 Nf6 5. d3 d6 6. c3 g6 7. O-O Bg7 8. Re1 O-O 9. Nbd2 h6 10. Nf1 Re8 11. Ng3 b5 12. Bc2 a5 13. a4 b4 14. Bd2 Rb8 15. Bb3 bxc3 16. bxc3 Ba6 17. d4 Nd7 18. Bd5 Ne7 19. Ba2 c5 20. h4 cxd4 21. cxd4 exd4 22. h5 g5 23. Bxg5 hxg5 24. Nxg5 Ne5 25. f4 Nc4 26. Rc1 d5 27. exd5 Ne3 28. Rxe3 dxe3 29. Qc2 Qd6 30. N3e4 Qxf4 31. d6 Rb2 32. d7 Rf8 33. Bxf7+ Qxf7 34. Nf6+ Bxf6 0-1


[Site "https://www.chess.com"]

[Event "Titled Tuesday Blitz February 28 Late 2023"]
[White "Fus, Jakub"]
[Black "Zhigalko, Sergei"]
[WhiteFideId "1193023"]
[BlackFideId "13502956"]
[WhiteElo "2335"]
[BlackElo "2626"]
[Result "1-0"]
[Round "05"]
[TimeControl "180+2"]
[Date "2023.02.28"]
[WhiteClock "0:00:45"]
[BlackClock "0:00:01"]

1. e4 c5 2. Nf3 Nc6 3. Bb5 Nf6 4. Nc3 Qc7 5. Bxc6 dxc6 6. O-O Bg4 7. h3 Bh5 8. d3 Nd7 9. Bg5 e6 10. Bh4 Bd6 11. g4 Bg6 12. Kg2 h5 13. g5 O-O-O 14. Ne2 c4 15. Bg3 Nc5 16. Bxd6 Rxd6 17. e5 Rd7 18. d4 h4 19. Nf4 Be4 20. c3 Qd8 21. Kh2 Nd3 22. Nxd3 Bxd3 23. Rg1 c5 24. Rg4 Rd5 25. Qe1 Qb6 26. b3 Kb8 27. Qe3 cxd4 28. Nxd4 Qc7 29. f4 Bf5 30. Rg2 cxb3 31. axb3 a6 32. c4 Rd7 33. Nb5 axb5 34. Qa7+ Kc8 35. cxb5 Rhd8 36. b6 Qb8 37. Rc1+ 1-0


[Site "https://www.chess.com"]

[Event "Titled Tuesday Blitz February 28 Late 2023"]
[White "Averjanov, Alexey"]
[Black "Vasquez Schroeder, Rodrigo"]
[WhiteFideId "14109867"]
[BlackFideId "3400042"]
[WhiteElo "2665"]
[BlackElo "2600"]
[Result "1/2-1/2"]
[Round "05"]
[TimeControl "180+2"]
[Date "2023.02.28"]
[WhiteClock "0:00:28"]
[BlackClock "0:01:24"]

1. d4 d5 2. c4 c6 3. e3 Nf6 4. Bd3 e6 5. Nd2 Nbd7 6. Ngf3 b6 7. O-O Bb7 8. Qe2 Be7 9. e4 dxe4 10. Nxe4 c5 11. Rd1 cxd4 12. Nxd4 O-O 13. b3 Qc7 14. Bb2 a6 15. Nxf6+ Nxf6 16. Nf3 Rad8 17. Ne5 Bc5 18. Ng4 Nxg4 19. Qxg4 f5 20. Qg3 Bd6 21. Qh3 g6 22. Bf1 Be5 23. Bxe5 Qxe5 24. Re1 Qf6 25. Qe3 Rd6 26. Rad1 Rfd8 27. Rxd6 Rxd6 28. f3 Qd8 29. Qe5 Qc7 30. Rd1 Rc6 31. Qf6 Rd6 32. Qe5 Rc6 33. Qf6 Rd6 34. Qe5 1/2-1/2


[Site "https://www.chess.com"]

[Event "Titled Tuesday Blitz February 28 Late 2023"]
[White "Baskakov, Egor"]
[Black "Alikhanov, Felix"]
[WhiteFideId "24197866"]
[BlackFideId "4157427"]
[WhiteElo "2212"]
[BlackElo "2425"]
[Result "1-0"]
[Round "05"]
[TimeControl "180+2"]
[Date "2023.02.28"]
[WhiteClock "0:00:11"]
[BlackClock "0:00:02"]

1. e4 e6 2. Nc3 d5 3. g3 dxe4 4. Nxe4 Bd7 5. Bg2 Bc6 6. f3 f5 7. Nf2 Nf6 8. d4 h5 9. Bg5 h4 10. gxh4 Be7 11. Ngh3 Nh7 12. Qd2 Nd7 13. O-O-O Nxg5 14. Nxg5 Nf8 15. Rhe1 Qd5 16. Kb1 Rxh4 17. Bh1 Rxh2 18. f4 Qd6 19. Bxc6+ Qxc6 20. d5 Qxd5 21. Qc3 Qc5 22. Qxg7 Bxg5 23. fxg5 Rxf2 24. g6 Qe7 25. Qh8 Rg2 26. Rg1 Rxg1 27. Rxg1 Qc5 28. Re1 O-O-O 29. g7 Qe3 30. Rc1 Ng6 31. Qxd8+ Kxd8 32. g8=Q+ Ke7 33. Qxg6 1-0


[Site "https://www.chess.com"]

[Event "Titled Tuesday Blitz February 28 Late 2023"]
[White "Rostovtsev, Dmitry"]
[Black "Rosen, Eric"]
[WhiteFideId "34278320"]
[BlackFideId "2032562"]
[WhiteElo "2330"]
[BlackElo "2359"]
[Result "0-1"]
[Round "05"]
[TimeControl "180+2"]
[Date "2023.02.28"]
[WhiteClock "0:01:40"]
[BlackClock "0:02:35"]

1. d4 d5 2. c4 e6 3. Nf3 Nf6 4. g3 dxc4 5. Bg2 Bb4+ 6. Bd2 c5 7. O-O O-O 8. dxc5 Bxc5 9. Qc2 Nbd7 10. Qxc4 b5 11. Qxb5 Rb8 12. Qc4 Rxb2 13. Bc3 Rb6 14. Ba5 Ba6 15. Qxc5 Nxc5 16. Nc3 Qe7 0-1


[Site "https://www.chess.com"]

[Event "Titled Tuesday Blitz February 28 Late 2023"]
[White "Moroni, Luca Jr"]
[Black "Yang, Qindong"]
[WhiteFideId "865834"]
[BlackFideId "8603758"]
[WhiteElo "2569"]
[BlackElo "2090"]
[Result "1-0"]
[Round "05"]
[TimeControl "180+2"]
[Date "2023.02.28"]
[WhiteClock "0:00:15"]
[BlackClock "0:00:04"]

1. Nf3 Nf6 2. g3 g6 3. b3 Bg7 4. Bb2 O-O 5. d4 d6 6. Bg2 e5 7. dxe5 Nfd7 8. O-O Nxe5 9. Qc1 Nbc6 10. c4 Bg4 11. Nbd2 Re8 12. Re1 a5 13. Nxe5 dxe5 14. Ne4 Nd4 15. Qd2 a4 16. Bxd4 exd4 17. Nc5 axb3 18. Nxb3 c6 19. h3 Be6 20. Rac1 Ra4 21. Nc5 Ra7 22. Nxe6 Rxe6 23. Rb1 h5 24. h4 Qe7 25. Bf3 Qa3 26. Rb2 Qc3 27. Rc2 Qxd2 28. Rxd2 Ra3 29. Kf1 Re8 30. Rb1 Rea8 31. Rxb7 Rxa2 32. Rxa2 Rxa2 33. Bxc6 Ra1+ 34. Kg2 Ra2 35. Kf1 Ra1+ 36. Kg2 Ra2 37. Bf3 Kf8 38. Bd5 Be5 39. Rxf7+ Ke8 40. Kf3 Ra3+ 41. Ke4 Bd6 42. Rb7 Ra2 43. Kf3 Ra3+ 44. Kg2 Ra2 45. Bf3 Ra3 46. Rb6 Be7 47. Rxg6 1-0


[Site "https://www.chess.com"]

[Event "Titled Tuesday Blitz February 28 Late 2023"]
[White "Thomforde-Toates, Noah"]
[Black "Gokerkan, Cem Kaan"]
[WhiteFideId "30951992"]
[BlackFideId "6336760"]
[WhiteElo "2634"]
[BlackElo "2365"]
[Result "0-1"]
[Round "05"]
[TimeControl "180+2"]
[Date "2023.02.28"]
[WhiteClock "0:01:21"]
[BlackClock "0:01:12"]

1. e4 e5 2. Nf3 Nf6 3. Nxe5 d5 4. exd5 Qxd5 5. d4 Nc6 6. Nxc6 Qxc6 7. Nc3 Bb4 8. Bd2 O-O 9. Qf3 Re8+ 10. Be2 Bxc3 11. Bxc3 Bg4 12. Qxc6 Rxe2+ 13. Kf1 bxc6 14. h3 Rxc2 15. hxg4 Nxg4 16. Rh4 f5 17. Kg1 Re8 18. Rh3 Rxf2 19. Rf1 Rxf1+ 20. Kxf1 Re3 21. Rh4 h6 22. a4 g5 23. Rh1 Kf7 24. a5 a6 25. Rh3 Rxh3 26. gxh3 Ne3+ 27. Ke2 Nd5 28. Bd2 Kf6 29. Kf3 h5 30. Be1 g4+ 31. hxg4 hxg4+ 32. Kg3 Kg5 33. Kf2 f4 34. Ke2 Kf5 35. Kd3 g3 36. b3 Kg4 37. Ke2 f3+ 38. Kf1 Ne3+ 39. Kg1 f2+ 40. Bxf2 gxf2+ 41. Kxf2 Kf4 42. b4 Nd5 0-1


[Site "https://www.chess.com"]

[Event "Titled Tuesday Blitz February 28 Late 2023"]
[White "Gunduz, Umut Erdem"]
[Black "Mendonca, Leon Luke"]
[WhiteFideId "6381383"]
[BlackFideId "35028561"]
[WhiteElo "2182"]
[BlackElo "2464"]
[Result "0-1"]
[Round "05"]
[TimeControl "180+2"]
[Date "2023.02.28"]
[WhiteClock "0:00:05"]
[BlackClock "0:01:00"]

1. e4 c5 2. Nf3 b6 3. d4 cxd4 4. Nxd4 Bb7 5. Bd3 Nc6 6. Be3 Nf6 7. Nxc6 Bxc6 8. Nc3 e5 9. O-O Bb4 10. f4 Bxc3 11. bxc3 d6 12. Qf3 Qe7 13. fxe5 dxe5 14. Bg5 Bd7 15. Bxf6 gxf6 16. Qxf6 Qxf6 17. Rxf6 Ke7 18. Raf1 Be6 19. a4 Rac8 20. c4 Rc5 21. R6f3 Ra5 22. Ra1 Bd7 23. Rff1 Rc8 24. Rfb1 Rc7 25. Kf2 Rxa4 26. Ke3 Rxa1 27. Rxa1 Kd6 28. Rf1 Be6 29. Rf6 Kc5 30. Rh6 a5 31. Rxh7 a4 32. Kd2 Kb4 33. Kc1 Kc3 34. Kb1 a3 35. Ka2 b5 36. h4 bxc4 37. Bf1 Kxc2 38. Kxa3 c3 39. h5 Kd2 40. Rh8 c2 41. Rd8+ Ke1 0-1


[Site "https://www.chess.com"]

[Event "Titled Tuesday Blitz February 28 Late 2023"]
[White "Holt, Conrad"]
[Black "Colas, Joshua"]
[WhiteFideId "2034387"]
[BlackFideId "2044447"]
[WhiteElo "2592"]
[BlackElo "2347"]
[Result "1-0"]
[Round "05"]
[TimeControl "180+2"]
[Date "2023.02.28"]
[WhiteClock "0:00:28"]
[BlackClock "0:00:03"]

1. d4 Nf6 2. c4 e6 3. Nc3 Bb4 4. Qc2 O-O 5. e4 d5 6. e5 Ne4 7. Bd3 c5 8. Nf3 cxd4 9. Nxd4 Nd7 10. Bf4 Qh4 11. g3 Qh5 12. cxd5 exd5 13. f3 Nxc3 14. bxc3 Ba5 15. g4 Qh3 16. Kf2 Bc7 17. Rae1 h5 18. Bf1 Qh4+ 19. Bg3 Qd8 20. gxh5 Re8 21. e6 fxe6 22. h6 e5 23. Qg6 Re7 24. Nf5 Nf8 25. Nxe7+ Qxe7 26. Qxg7+ Qxg7 27. hxg7 Ng6 28. Bd3 Kxg7 29. Bxg6 Bb6+ 30. Kg2 Kxg6 31. Rxe5 Bf5 32. Rxd5 Re8 33. Re1 Rh8 34. Rd6+ Kf7 35. Rd5 Bh3+ 36. Kh1 Be6 37. Rd2 Bc4 38. Bf2 Bc7 39. Bd4 Rh3 40. Rg2 Bf4 41. Bxa7 Bd5 42. Kg1 Bxf3 43. Rf2 Kg6 44. Ref1 Bxh2+ 45. Rxh2 1-0


[Site "https://www.chess.com"]